 Dungeon Crawl Stone Soup version 0.26-a0-651-gb41185065b (webtiles) character file.

Game seed: 7285278564646736548

90 Ozzies the Skirmisher (level 4, -2/32 HPs)
             Began as a Gargoyle Fighter on Oct 14, 2020.
             Killed from afar by an orc wizard (5 damage)
             ... with a magic dart
             ... on level 4 of the Dungeon.
             The game lasted 00:01:49 (2981 turns).

Ozzies the Skirmisher (Gargoyle Fighter)            Turns: 2981, Time: 00:01:49

Health: -2/32      AC: 12    Str: 21    XL:     4   Next: 56%
Magic:  4/4        EV:  5    Int:  8    God:
Gold:   232        SH:  9    Dex:  9    Spells: 3/3 levels left

rFire    . . .     SeeInvis .   r - +1 whip (holy)
rCold    . . .     Faith    .   c - +0 kite shield
rNeg     + . .     Spirit   .   n - +0 chain mail (curse)
rPois    ∞         Reflect  .   (no helmet)
rElec    +         Harm     .   (no cloak)
rCorr    .         Rampage  .   (no gloves)
MR       .....                  (no boots)
Stlth    ..........             (no amulet)
HPRegen  0.10/turn              (no ring)
MPRegen  0.09/turn              (no ring)

@: slowed, very slow
A: negative energy resistance 1, electricity resistance, unbreathing,
petrification resistance, rot immunity, AC +3
a: no special abilities


You were on level 4 of the Dungeon.
You visited 1 branch of the dungeon, and saw 4 of its levels.

You collected 232 gold pieces.

Inventory:

Hand Weapons
 a - a +0 flail
 r - a +1 whip of holy wrath (weapon)
Missiles
 k - 34 sling bullets
 l - 72 stones (quivered)
Armour
 b - a +0 scale mail
 c - a +0 kite shield (worn)
 n - a cursed +0 chain mail (worn)
Scrolls
 i - 2 scrolls of fear {unknown}
 j - a scroll of noise {unknown}
 m - a scroll of fog {unknown}
 o - 2 scrolls of magic mapping {unknown}
 p - a scroll of identify {unknown}
 q - 4 scrolls of teleportation {unknown}
 s - 2 scrolls of remove curse {unknown}
Potions
 d - 2 potions of might {@q3 !q}
 e - 2 potions of heal wounds {unknown}
 f - a potion of curing {unknown}
 g - a potion of brilliance {unknown}
 h - 2 potions of flight {unknown}
 t - a potion of stabbing {unknown}


   Skills:
 + Level 5.7 Fighting
 - Level 2.0 Maces & Flails
 - Level 3.2 Armour
 - Level 3.2 Shields


You had 3 spell levels left.
You didn't know any spells.
Your spell library was empty.

Dungeon Overview and Level Annotations

Branches:
Dungeon (4/15)
 Temple: D:4-7

Altars:
Gozag
Kikubaaqudgha
Qazlal
Ru
Zin


Innate Abilities, Weirdness & Mutations

You are resistant to torment.
Your stone body is resilient. (AC +3)
You are immune to poison.
You resist negative energy. (rN+)
You are resistant to electric shocks. (rElec)
You can survive without breathing.
You are immune to petrification.
You are immune to rotting.


Message History

An orc wizard comes into view. It is wielding a +0 dagger.
The orc wizard shouts!
The orc wizard casts a spell.
The orc wizard blinks!
An orc priest comes into view. It is wielding a +0 mace.
An orc wizard comes into view. It is wielding a +0 dagger.
The orc wizard moves out of view.
An orc priest comes into view. It is wielding a +0 trident.
The orc priest shouts!
The orc priest moves out of view.
You see here a fuming coppery potion.
You hit the orc.
The orc is moderately wounded.
The orc priest calls upon Beogh to heal the orc.
The orc's wounds heal themselves!
You block the orc's attack. The orc hits you.
You hit the orc.
The orc is heavily wounded.
The orc barely misses you.
You hit the orc.
The orc is severely wounded.
The orc hits you.
You hit the orc but do no damage.
The orc is severely wounded.
You hit the orc.
The orc is almost dead.
The orc wizard mumbles some strange words.
The orc wizard seems to speed up.
The orc priest looks encouraged for a moment.
You block the orc's attack.
You hit the orc but do no damage.
The orc is almost dead.
The orc priest begins to cast a cantrip, but forgets the words!
You block the orc's attack.
You closely miss the orc.
The orc is almost dead.
You block the orc's attack.
You hit the orc.
You kill the orc!
Your shield prevents you from hitting the orc wizard.
The orc wizard hits you but does no damage.
You hit the orc wizard.
The orc wizard is heavily wounded.
The orc wizard hits you but does no damage.
The orc priest barely misses you. The orc wizard barely misses you.
The orc priest completely misses you.
You hit the orc wizard.
The orc wizard is almost dead.
The orc wizard gestures wildly while chanting.
The orc wizard flickers and vanishes!
Deactivating autopickup; reactivate with Ctrl-A.
The orc priest hits you but does no damage.
The orc wizard closely misses you.
You closely miss the orc wizard.
The orc wizard is almost dead.
The orc wizard closely misses you.
The orc priest casts a cantrip, but nothing happens.
The orc priest hits you with a +0 mace.
The orc wizard hits you but does no damage.
The orc priest hits you but does no damage.
You closely miss the orc wizard.
The orc wizard is severely wounded.
The orc wizard points at you and mumbles some strange words.
The magic dart hits you.
The orc priest hits you but does no damage. x2
You closely miss the orc wizard.
The orc wizard is severely wounded.
The orc wizard hits you but does no damage.
The orc priest calls down the wrath of Beogh upon you.
Beogh smites you!
* * * LOW HITPOINT WARNING * * *
The orc wizard hits you but does no damage.
You are too injured to fight recklessly!
You are too injured to fight recklessly!
You are too injured to fight recklessly!
You are too injured to fight recklessly!
You are too injured to fight recklessly!
You are too injured to fight recklessly!
You are too injured to fight recklessly!
You are too injured to fight recklessly!
You are too injured to fight recklessly!
You are too injured to fight recklessly!
You are too injured to fight recklessly!
You are too injured to fight recklessly!
You are too injured to fight recklessly!
You are too injured to fight recklessly!
You are too injured to fight recklessly!
You are too injured to fight recklessly!
You are too injured to fight recklessly!
The orc wizard points at you and mumbles some strange words.
The magic dart hits you.
* * * LOW HITPOINT WARNING * * *
The orc priest miscasts a cantrip.
The orc wizard barely misses you.
The orc wizard gestures at you while chanting.
You feel yourself slow down.
The orc wizard hits you but does no damage.
You block the orc wizard's attack. x2
The orc wizard points at you and mumbles some strange words.
The magic dart hits you.
You die...

............#
...........#
..........#
.........##
..........##
...........##
#.......#..##
####>...##..#
########@##
##o## #o.#
##.# ##o#
#.## ##o#
#[o# #.##


You could see 2 orc priests and an orc wizard (fast).

Vanquished Creatures
  3 gnolls (D:3)
  An adder (D:3)
  4 worms
  A dart slug (D:1)
  2 orcs
  3 giant cockroaches
  5 goblins
  A hobgoblin (D:1)
  7 bats
  4 frilled lizards
  5 kobolds
  5 rats
41 creatures vanquished.

Notes
Turn   | Place    | Note
-------+----------+-------------------------------------------
     0 | D:1      | Ozzies the Gargoyle Fighter began the quest for the Orb.
     0 | D:1      | Reached XP level 1. HP: 14/14 MP: 1/1
   121 | D:1      | Reached XP level 2. HP: 20/20 MP: 2/2
   188 | D:1      | Reached skill level 4 in Fighting
   898 | D:2      | Found a glowing silver altar of Zin.
   900 | D:2      | Found an ancient bone altar of Kikubaaqudgha.
   931 | D:2      | Reached XP level 3. HP: 11/24 MP: 3/3
  1126 | D:2      | Found an opulent altar of Gozag.
  1300 | D:2      | Found a stormy altar of Qazlal.
  1457 | D:3      | Found a sacrificial altar of Ru.
  1472 | D:3      | Reached skill level 5 in Fighting
  2131 | D:3      | Reached XP level 4. HP: 24/31 MP: 4/4
  2981 | D:4      | Killed from afar by an orc wizard

Illustrated notes

Levels and vault maps discovered:
D:1:      roderic_dead_forest, layout_loops_ring, st_stairs_12,
          skrybe_limestone_x
D:2:      layout_basic, nicolae_overflow_hidden_temple,
          nicolae_qazlal_eye_of_the_storm,
          nicolae_gozag_cash_rules_everything_around_me
D:3:      layout_basic, nicolae_ru_sacrificial_ziggurat
D:4:      layout_cave_pods, overflow_temple_1_default, minmay_fire_ice_demons

Skill      XL: |  1  2  3 |
---------------+----------+-----
Fighting       | 4 5 |  5.7
Maces & Flails | |  2.0
Armour         | |  3.2
Shields        | |  3.2

Action                   |  1- 3 |  4- 6 || total
-------------------------+-------+-------++-------
Melee: Flail             |    78 |       ||    78
       Whip              |    50 |    43 ||    93
Armor: Scale mail        |    29 |       ||    29
       Chain mail        |    58 |    15 ||    73
Dodge: Dodged            |    38 |    13 ||    51
Block: Kite shield       |    57 |    19 ||    76

Table legend: (Time is in decaauts)
 A = Elapsed time spent in this place.
 B = Non-inter-level travel time spent in this place.
 C = Inter-level travel time spent in this place.
 D = Time resting spent in this place.
 E = Time spent auto-exploring this place.
 F = Levels seen in this place.
 G = Mean time per level.
                   A        B        C        D        E       F      G
               +--------+--------+--------+--------+--------+-----+--------+
         Total |   3017 |   2844 |    173 |    421 |   2044 |   4 |  754.2 |
       Dungeon |   3017 |   2844 |    173 |    421 |   2044 |   4 |  754.2 |
               +--------+--------+--------+--------+--------+-----+--------+

Top non-repeatable levels by time:
     D:3: 1425 daAuts
     D:1: 860 daAuts
     D:2: 619 daAuts
     D:4: 111 daAuts
